 Dungeon Crawl Stone Soup version 0.29.1-13-g9f3cf754e1 (webtiles) character file.

Game seed: 9285607030500941335

16 zlionsfan the Caller (level 2, -1/19 HPs)
             Began as a Vampire Summoner on Jan 23, 2023.
             Slain by a hobgoblin (4 damage)
             ... on level 1 of the Dungeon.
             The game lasted 00:02:06 (351 turns).

zlionsfan the Caller (Vampire Summoner)              Turns: 351, Time: 00:02:07

Health: -1/19      AC:  2    Str:  7    XL:     2   Next: 41%
Magic:  3/5        EV: 12    Int: 17    God:
Gold:   10         SH:  0    Dex: 14    Spells: 4/5 levels left

rFire   . . .      SeeInvis +   (no weapon)
rCold   . . .      Faith    .   (no shield)
rNeg    . . .      Spirit   .   a - +0 robe
rPois   .          Reflect  .   (no helmet)
rElec   .          Harm     .   (no cloak)
rCorr   .          Rampage  .   (no gloves)
Will    .....                   (no boots)
Stlth   ++........              (no amulet)
HPRegen 0.26/turn               (no ring)
MPRegen 0.09/turn               (no ring)

@: healing quickly
A: alive, fangs 3, see invisible, vampiric 1
a: Exsanguinate


You were on level 1 of the Dungeon.
You visited 1 branch of the dungeon, and saw 1 of its levels.

You collected 10 gold pieces.

Inventory:

Armour
 a - a +0 robe (worn)
Scrolls
 e - a scroll of noise {unknown}
Potions
 b - a potion of magic
 c - 2 potions of curing {unknown}
 d - a potion of brilliance {unknown}


   Skills:
 + Level 2.2 Dodging
 + Level 3.1 Stealth
 + Level 2.2 Spellcasting
 * Level 4.4 Summonings


You had 4 spell levels left.
You knew the following spells:

 Your Spells              Type           Power      Damage    Failure   Level
a - Summon Small Mammal   Summ           68%        N/A       3%          1

Your spell library contained the following spells:

 Spells                   Type           Power      Damage    Failure   Level
 Call Imp                 Summ           17%        N/A       4%          2
 Call Canine Familiar     Summ           17%        N/A       9%          3
 Summon Guardian Golem    Hex/Summ       9%         N/A       22%         3
 Summon Lightning Spire   Summ/Air       9%         N/A       58%         4


Dungeon Overview and Level Annotations

Branches:
Dungeon (1/15)

Altars:


Innate Abilities, Weirdness & Mutations

Your natural rate of healing is accelerated.
You have razor-sharp teeth.
You have supernaturally acute eyesight. (SInv)
You are afflicted with vampirism.


Message History

The hobgoblin hits you.
Your quokka closely misses the hobgoblin.
The kobold hits you with a +0 club. The kobold attacks as you move away!
The kobold barely misses you. The hobgoblin attacks as you move away!
The hobgoblin misses you.
Your rat barely misses the hobgoblin.
The hobgoblin attacks as you move away! The hobgoblin hits you.
Your rat barely misses the kobold.
The kobold hits you with a +0 club. The kobold hits you with a +0 club.
Your rat closely misses the kobold.
Your rat closely misses the kobold.
Your quokka bites the hobgoblin.
The kobold misses you. The hobgoblin attacks as you move away!
The hobgoblin hits you.
You barely miss the hobgoblin.
The hobgoblin is moderately wounded.
Your quokka bites the kobold.
The hobgoblin closely misses you.
You hit the hobgoblin.
The hobgoblin is heavily wounded.
The hobgoblin hits you.
The kobold hits your quokka with a +0 club.
You hit the hobgoblin but do no damage.
The hobgoblin is heavily wounded.
Your quokka closely misses the hobgoblin.
The hobgoblin barely misses you.
The kobold hits your quokka with a +0 club.
Your quokka closely misses the hobgoblin.
The kobold hits your rat with a +0 club.
Your rat dies!
Your rat's corpse disappears in a puff of smoke!
The hobgoblin attacks as you move away! The hobgoblin barely misses you.
Your quokka closely misses the hobgoblin.
You barely miss the hobgoblin.
The hobgoblin is heavily wounded.
The hobgoblin hits you.
* * * LOW HITPOINT WARNING * * *
Your quokka disappears in a puff of smoke!
Casting: Summon Small Mammal (safe; 3% risk of failure)
Confirm with . or Enter, or press ? or * to list all spells.
The hobgoblin hits you.
You die...

#.....(...............#
#.####.#.#.#.#........#
..# ..........[...).#
..# #.#.#.#........#
..# ..............# #.#
###..........# #.#
###........# #.#
###.#+#### #.#
#.@#..#### #.#
#..g.....# #.#
#rK#.#.#.# #........#
##.#.#.#.# #.......##
#.#.#.#..# #........#
#...####.#


You could see a hobgoblin, a kobold (ally target) and a friendly rat (summoned).

Vanquished Creatures (collateral kills)
  2 dart slugs (D:1)
  An endoplasm (D:1)
  A giant cockroach (D:1)
  A goblin (D:1)
  3 hobgoblins (D:1)
  A ball python (D:1)
  A bat (D:1)
  A kobold (D:1)
  A rat (D:1)
12 creatures vanquished.

Notes
Turn   | Place    | Note
-------+----------+-------------------------------------------
     0 | D:1      | zlionsfan the Vampire Summoner began the quest for the Orb.
     0 | D:1      | Reached XP level 1. HP: 13/13 MP: 3/3
   153 | D:1      | Reached XP level 2. HP: 19/19 MP: 0/5
   351 | D:1      | Slain by a hobgoblin

Illustrated notes

Levels and vault maps discovered:
D:1:      dreamdust_arrival_sigmund_warning, layout_basic, serial_shops,
          nicolae_shop_stone, serial_glass, glass_columns_c, glass_columns_c,
          glass_columns_b, glass_columns_a, glass_columns_a, glass_columns_b,
          glass_columns_a, glass_columns_c, minmay_strange_pillars,
          due_unseen_surprise, feat_on_display

Action                   || total
-------------------------++-------
Melee: Unarmed           ||     4
 Cast: Summon Small Mamm ||    16
Armor: Robe              ||     1
Dodge: Dodged            ||    16
